 Dungeon Sprint DCSS version 0.19-a0-288-g67c72eb (webtiles) character file.

20487 Groucho the Fighter (level 12, -18/127 HPs)
             Began as a Naga Fighter on May 27, 2016.
             Was the Champion of Cheibriados.
             Killed from afar by Tesem the pandemonium lord (38 damage)
             ... with a great icy blast
             ... in the Dungeon (Sprint V: "Ziggurat Sprint").
             The game lasted 00:04:55 (1583 turns).

Groucho the Fighter (Naga Fighter)                  Turns: 1583, Time: 00:04:56

Health: -18/127    AC: 29    Str: 53    XL:     12   Next: 80%
Magic:  4/28       EV: 10    Int: 24    God:    Cheibriados [******]
Gold:   0          SH: 35    Dex: 26    Spells: 0 memorised, 36 levels left

rFire  . . .     SeeInvis +     b - +14 obsidian axe {chop, +Fly Str+3 SInv *Curse} (curse)
rCold  . . .     Gourm    .     c - +15 Maxwell's patent armour {-Cast -Tele rElec MR+ rCorr}
rNeg   + . .     Faith    .     h - +18 shield of the Gong {rElec rN+ MR+ EV-5}
rPois  +         Spirit   .     (no helmet)
rElec  +         Dismiss  .     (no cloak)
rCorr  +         Reflect  .     (no gloves)
SustAt .         Harm     .     (no barding)
MR     +++..     NoTele   +     (no amulet)
Stlth  .......... NoCast   +    p - +6 ring of strength
                                o - +6 ring of strength

@: lethally poisoned (-18 -> -24), mesmerised, very slow, extremely resistant to
hostile enchantments, extremely unstealthy
A: see invisible, deformed body, poison resistance, slowness 2, slow metabolism
1, spit poison 2, AC +4
a: Spit Poison, Bend Time, Temporal Distortion, Slouch, Step From Time, Renounce
Religion, Evoke Flight


You were in the Dungeon.
You worshipped Cheibriados.
Cheibriados was exalted by your worship.
You were hungry.

You visited 1 branch

Inventory:

Hand Weapons
 b - the cursed +14 obsidian axe (weapon) {chop, +Fly Str+3 SInv *Curse}
   (You found it in the Dungeon)

   It inflicts extra damage upon your enemies.
   It affects your strength (+3).
   It lets you see invisible.
   It lets you fly.
   It may re-curse itself when equipped.
   It has a curse placed upon it.
Armour
 a - a +5 gold dragon armour
 c - the +15 Maxwell's patent armour (worn) {-Cast -Tele rElec MR+ rCorr}
   (You found it in the Dungeon)

   It insulates you from electricity.
   It affects your resistance to hostile enchantments.
   It prevents spellcasting.
   It prevents most forms of teleportation.
   It protects you from acid and corrosion.
 h - the +18 shield of the Gong (worn) {rElec rN+ MR+ EV-5}
   (You found it in the Dungeon)

   It affects your evasion (-5).
   It insulates you from electricity.
   It protects you from negative energy.
   It affects your resistance to hostile enchantments.
Jewellery
 o - a +6 ring of strength (left hand)
 p - a +6 ring of strength (right hand)
Wands
 q - a wand of disintegration (7/24)
 r - a wand of iceblast (5/15)
 s - a wand of lightning (5/15)
 t - a wand of acid (5/15)
Scrolls
 j - a scroll of brand weapon
 k - 4 scrolls of blinking
 l - 4 scrolls of enchant weapon
 y - 4 scrolls of amnesia
 C - 3 scrolls of recharging
 D - 7 scrolls of fog
 E - a scroll of holy word
 F - 5 scrolls of identify
 G - 5 scrolls of remove curse
 H - 2 scrolls of fear
Potions
 d - 6 potions of might
 e - 10 potions of curing
 g - 10 potions of heal wounds
 i - 7 potions of magic
 u - 2 potions of brilliance
 v - 2 potions of invisibility
 w - 5 potions of haste
 x - 4 potions of resistance
 z - a potion of experience
 A - 5 potions of agility
 B - 2 potions of berserk rage
Books
 m - the Guide on Freezing Good Luck
   (You found it in the Dungeon)

   Spells                             Type                      Level
   a - Regeneration                   Charms/Necromancy            3
   b - Summon Ice Beast               Ice/Summoning                4
   c - Haste                          Charms                       6
   d - Ring of Flames                 Charms/Fire                  7
Comestibles
 f - 5 bread rations
 I - 42 fruits
 J - 4 meat rations


   Skills:
 * Level 13.9 Fighting
 + Level 10.2 Axes
 * Level 12.0 Armour
 + Level 8.4 Dodging
 * Level 12.0 Shields
 * Level 12.6 Spellcasting
 + Level 12.4 Invocations


You had 36 spell levels left.
You didn't know any spells.

Dungeon Overview and Level Annotations

Branches:
Dungeon (1/1)

Altars:
Ashenzari
Cheibriados
Dithmenos
Elyvilon
Fedhas
Gozag
Hepliaklqana
Kikubaaqudgha
Makhleb
Nemelex Xobeh
Okawaru
Pakellas
Qazlal
Ru
Sif Muna
Trog
Ukayaw
Vehumet
Xom
Yredelemnul
Zin
The Shining One
Beogh
Jiyva
Lugonu


Innate Abilities, Weirdness & Mutations

You cannot wear boots.
Your serpentine skin is tough (AC +4).
You have supernaturally acute eyesight. (SInv)
Armour fits poorly on your strangely shaped body.
Your system is resistant to poisons. (rPois)
You cover ground very slowly.
You have a slow metabolism.
You can spit poison.


Message History

* * * LOW HITPOINT WARNING * * *
Unknown command.
You hit Tesem.
Tesem is almost dead.
You feel sick.
Your orange demon barely misses Tesem.
Your orange demon completely misses Tesem.
You block Tesem's attack.
PTOANNNG!
You feel very sick.
Your orange demon completely misses Tesem. x2
You block Tesem's attack.
GONNNNG!
Your orange demon barely misses Tesem.
Your orange demon completely misses Tesem.
You block Tesem's attack.
GONNNNG!
Your orange demon completely misses Tesem. x2
Tesem gestures at you.
Tesem conjures a mighty blast of ice!
The great icy blast engulfs you!
You die...

▓▓▓▓▓▓▓▓▓▓▓▓▓▓▓▓▓▓▓
▓...8©8...▓..8©8..▓
▓..[.)[:..▓..)==..▓
▓...=:=...▓..)}...▓
▓.........▓....)..▓
▓.........▓.......▓
▓.......|.▓.).).).▓
▓....§....▓.......▓
▓.▓.&@..▓.▓.▓...▓.▓
▓...4.....▓.......▓
▓▓▓▓▓▓▓▓▓▓▓▓▓▓▓▓▓▓▓


You could see Tesem and a friendly orange demon.

Vanquished Creatures
  2 pandemonium lords (D)
  A black draconian (D)
  A dancing weapon (D)
  A deep elf knight (D)
  A cyclops (D)
  4 toenail golems (D)
  3 deep elf magi (D)
  A draconian (D)
  5 merfolk (D)
  A water elemental (D)
  3 hippogriffs (D)
  A porcupine (D)
  5 centaurs (D)
  3 crimson imps (D)
  An orc priest (D)
  2 sheep (D)
  A river rat (D)
  2 shadow imps (D)
  An orc (D)
39 creatures vanquished.

Vanquished Creatures (collateral kills)
  3 draconians (D)
  2 merfolk (D)
5 creatures vanquished.

Grand Total: 44 creatures vanquished

Notes
Turn   | Place    | Note
--------------------------------------------------------------
     0 | D        | Groucho the Naga Fighter began the quest for the Orb.
     0 | D        | Reached XP level 1. HP: 21/21 MP: 1/1
    19 | D        | Found a shimmering altar of Xom.
    20 | D        | Found a burning altar of Makhleb.
    20 | D        | Found an iron altar of Okawaru.
    20 | D        | Found a deep blue altar of Sif Muna.
    20 | D        | Found a radiant altar of Vehumet.
    20 | D        | Found a bloodstained altar of Trog.
    24 | D        | Found a sparkling altar of Nemelex Xobeh.
    25 | D        | Found a roughly hewn altar of Beogh.
    25 | D        | Found a corrupted altar of Lugonu.
    25 | D        | Found a viscous altar of Jiyva.
    25 | D        | Found a white marble altar of Elyvilon.
    25 | D        | Found a blossoming altar of Fedhas.
    25 | D        | Found a snail-covered altar of Cheibriados.
    99 | D        | Became a worshipper of Cheibriados the Contemplative
   117 | D        | Entered arena 1.
   117 | D        | Noticed an orc priest
   119 | D        | Killed an orc priest
   119 | D        | Reached skill level 1 in Dodging
   119 | D        | Reached XP level 2. HP: 14/30 MP: 1/5
   119 | D        | Reached XP level 3. HP: 17/36 MP: 1/6
   607 | D        | Entered arena 2.
   607 | D        | Noticed a porcupine
   610 | D        | Reached * piety under Cheibriados
   610 | D        | Reached skill level 4 in Fighting
   612 | D        | Killed a porcupine
   612 | D        | Reached skill level 5 in Fighting
   612 | D        | Reached XP level 4. HP: 44/46 MP: 6/9
   612 | D        | Reached XP level 5. HP: 50/52 MP: 6/10
   614 | D        | Reached ** piety under Cheibriados
   621 | D        | Entered arena 3.
   621 | D        | Noticed a merfolk
   621 | D        | Noticed a merfolk
   621 | D        | Noticed a merfolk
   621 | D        | Noticed a merfolk
   625 | D        | Killed a merfolk
   625 | D        | Reached skill level 6 in Fighting
   625 | D        | Reached skill level 5 in Armour
   625 | D        | Reached skill level 5 in Shields
   625 | D        | Reached skill level 5 in Spellcasting
   625 | D        | Reached skill level 5 in Invocations
   625 | D        | Reached XP level 6. HP: 60/63 MP: 8/13
   627 | D        | Killed a merfolk
   627 | D        | Reached XP level 7. HP: 44/70 MP: 9/15
   631 | D        | Killed a merfolk
   631 | D        | Reached *** piety under Cheibriados
   631 | D        | Reached skill level 7 in Fighting
   631 | D        | Killed a merfolk
   631 | D        | Reached skill level 5 in Axes
  1023 | D        | Entered arena 4.
  1023 | D        | Noticed a toenail golem
  1023 | D        | Noticed a toenail golem
  1023 | D        | Noticed a toenail golem
  1023 | D        | Noticed a toenail golem
  1029 | D        | Killed a toenail golem
  1029 | D        | Reached **** piety under Cheibriados
  1029 | D        | Reached skill level 8 in Fighting
  1029 | D        | Reached XP level 8. HP: 81/81 MP: 16/18
  1031 | D        | Killed a toenail golem
  1031 | D        | Killed a toenail golem
  1031 | D        | Reached XP level 9. HP: 90/90 MP: 16/20
  1032 | D        | Killed a toenail golem
  1032 | D        | Reached skill level 9 in Fighting
  1096 | D        | Entered arena 5.
  1096 | D        | Noticed a draconian
  1096 | D        | Noticed a draconian
  1096 | D        | Noticed a draconian
  1096 | D        | Noticed a black draconian
  1096 | D        | Noticed a draconian
  1099 | D        | Killed a black draconian
  1099 | D        | Reached ***** piety under Cheibriados
  1099 | D        | Reached skill level 5 in Dodging
  1100 | D        | Killed a draconian
  1100 | D        | Reached skill level 10 in Fighting
  1100 | D        | Reached XP level 10. HP: 92/102 MP: 20/22
  1102 | D        | Killed a draconian
  1103 | D        | Killed a draconian
  1103 | D        | Reached skill level 10 in Invocations
  1104 | D        | Killed a draconian
  1152 | D        | Entered arena 6.
  1155 | D        | Reached ****** piety under Cheibriados
  1169 | D        | Identified the Guide on Freezing Good Luck (You found it in the Dungeon)
  1273 | D        | Identified the Guide on Freezing Good Luck (You found it in the Dungeon)
  1279 | D        | Entered arena 7.
  1279 | D        | Noticed a deep elf mage
  1279 | D        | Noticed a deep elf mage
  1279 | D        | Noticed a halberd of chopping
  1279 | D        | Noticed a deep elf mage
  1279 | D        | Noticed a deep elf knight
  1280 | D        | Killed a halberd of chopping
  1281 | D        | Reached skill level 11 in Fighting
  1281 | D        | Killed a deep elf knight
  1281 | D        | Reached skill level 10 in Spellcasting
  1281 | D        | Killed a deep elf mage
  1281 | D        | Reached XP level 11. HP: 97/111 MP: 18/25
  1281 | D        | Killed a deep elf mage
  1281 | D        | Killed a deep elf mage
  1291 | D        | Got the ring of Vaun Ciamaxe {*Drain +Inv +Fly MP+9}
  1326 | D        | Entered arena 8.
  1326 | D        | Noticed a cyclops
  1328 | D        | Reached skill level 10 in Shields
  1328 | D        | Reached skill level 10 in Armour
  1332 | D        | Killed a cyclops
  1565 | D        | Entered arena 9.
  1565 | D        | Noticed Doninenet the pandemonium lord
  1565 | D        | Noticed Tesem the pandemonium lord
  1565 | D        | Noticed Vygolei the pandemonium lord
  1569 | D        | Killed Doninenet the pandemonium lord
  1569 | D        | Reached skill level 12 in Fighting
  1569 | D        | Reached XP level 12. HP: 111/123 MP: 10/27
  1573 | D        | Killed Vygolei the pandemonium lord
  1573 | D        | Reached skill level 13 in Fighting
  1573 | D        | Reached skill level 10 in Axes
  1583 | D        | Killed from afar by Tesem the pandemonium lord

Vault maps used:
D:        sprint_v

Skill      XL: |  1  2  3  4  5  6  7  8  9 10 11 12 |
---------------+-------------------------------------+-----
Armour         | 3 4 5 6 7 8 9 11 12 | 12.0
Dodging        | 1 2 3 4 5 6 7 8 |  8.4
Shields        | 3 4 5 6 7 8 9 11 12 | 12.0
Spellcasting   | 2 3 5 6 7 8 10 11 12 | 12.6
Invocations    | 2 4 5 6 8 9 10 11 12 | 12.4
Fighting       | 5 6 8 10 11 12 13 | 13.9
Axes           | 3 4 5 6 7 8 9 10 | 10.2

Action                   |  1- 3 |  4- 6 |  7- 9 | 10-12 || total
-------------------------+-------+-------+-------+-------++-------
Melee: Broad axe         |     4 |     6 |    16 |    22 ||    48
Invok: Slouch            |       |       |       |     9 ||     9
 Stab: Distracted        |       |     1 |       |     1 ||     2
Armor: Plate armour      |     1 |     7 |    10 |    21 ||    39
Dodge: Dodged            |       |       |     4 |     8 ||    12
Block: Shield            |     8 |    17 |    27 |    67 ||   119
